 Dungeon Crawl Stone Soup version 0.29-a0-11-ga75d3d97ab (webtiles) character file.

Game seed: 15606310465842196018

146 browni3141 the Ruffian (level 5, -1/50 HPs)
             Began as a Troll Monk on Jan 28, 2022.
             Slain by an iguana (13 damage)
             ... on level 5 of the Dungeon.
             The game lasted 00:01:37 (1176 turns).

browni3141 the Ruffian (Troll Monk)                 Turns: 1176, Time: 00:01:38

Health: -1/50      AC:  4    Str: 19    XL:     5   Next: 7%
Magic:  4/4        EV: 10    Int:  6    God:
Gold:   90         SH:  0    Dex: 14    Spells: 4/4 levels left

rFire   . . .      SeeInvis .     - Unarmed
rCold   . . .      Faith    .   (no shield)
rNeg    . . .      Spirit   .   a - +0 robe
rPois   .          Reflect  .   (helmet restricted)
rElec   .          Harm     .   (no cloak)
rCorr   .          Rampage  .   (gloves unavailable)
Will    .....                   (boots unavailable)
Stlth   ++........              (no amulet)
HPRegen 0.96/turn               (no ring)
MPRegen 0.09/turn               (no ring)

@: no status effects
A: large, unfitting armour, claws 3, regeneration 1, shaggy fur 1, tough skin 1
a: no special abilities


You were on level 5 of the Dungeon.
You visited 1 branch of the dungeon, and saw 5 of its levels.

You collected 90 gold pieces.

Inventory:

Missiles
 d - 3 poisoned darts (quivered)
Armour
 a - a +0 robe (worn)
Scrolls
 c - a scroll of enchant weapon
 e - a scroll of teleportation
Potions
 g - 3 potions of curing {unknown}
 h - a potion of invisibility {unknown}
 i - a potion of brilliance {unknown}
 j - 2 potions of cancellation {unknown}


   Skills:
 - Level 2.4 Fighting
 - Level 2.4 Dodging
 - Level 1.0 Stealth
 * Level 5.8 Unarmed Combat


You had 4 spell levels left.
You didn't know any spells.
Your spell library was empty.

Dungeon Overview and Level Annotations

Branches:
Dungeon (5/15)
 Temple: D:4-7

Altars:


Innate Abilities, Weirdness & Mutations

You are too large for most types of armour.
You have claws for hands.
Your natural rate of healing is unusually fast.
You are covered in fur. (AC +1)
You have tough skin. (AC +1)


Message History

You are too injured to fight recklessly!
You are too injured to fight recklessly!
You are too injured to fight recklessly!
You are too injured to fight recklessly!
You are too injured to fight recklessly!
You are too injured to fight recklessly!
You are too injured to fight recklessly!
You are too injured to fight recklessly!
You are too injured to fight recklessly!
You scratch the ogre.
The ogre is almost dead.
The ogre completely misses you.
You scratch the ogre.
The ogre is almost dead.
The ogre hits you with a +0 giant spiked club!!
Ouch! That really hurt!
* * * LOW HITPOINT WARNING * * *
You are too injured to fight recklessly!
You are too injured to fight recklessly!
You are too injured to fight recklessly!
You are too injured to fight recklessly!
You are too injured to fight recklessly!
You are too injured to fight recklessly!
You are too injured to fight recklessly!
You are too injured to fight recklessly!
You are too injured to fight recklessly!
You are too injured to fight recklessly!
You are too injured to fight recklessly!
You are too injured to fight recklessly!
You are too injured to fight recklessly!
You are too injured to fight recklessly!
You are too injured to fight recklessly!
You are too injured to fight recklessly!
You are too injured to fight recklessly!
You are too injured to fight recklessly!
Unknown command.
You claw the iguana!
The iguana is heavily wounded.
The iguana bites you!
You die...

####
##..##........#
#..####
##..###........#
#....####
##..###..........
##..#....####
##..## #..........
#))..###....###..##
##........# ##.)..#
####.....##
##..##..## #.<)..#
###.O## #### ###
#.....# ##l##
#....## #.@# #....#
##.# #....# #.#
#....# #.. ######
##.# ##


You could see an ogre and an iguana.

Vanquished Creatures
  An orc priest (D:5)
  A centaur skeleton (D:5)
  2 orc wizards (D:5)
  2 adders (D:2)
  An orc (D:5)
  A bat (D:3)
  2 endoplasms
  2 giant cockroaches
  A goblin (D:1)
  A hobgoblin (D:1)
  3 jackals (D:1)
  2 kobolds (D:1)
  2 ball pythons (D:2)
  A frilled lizard (D:1)
  2 rats
24 creatures vanquished.

Notes
Turn   | Place    | Note
-------+----------+-------------------------------------------
     0 | D:1      | browni3141 the Troll Monk began the quest for the Orb.
     0 | D:1      | Reached XP level 1. HP: 22/22 MP: 0/0
   330 | D:1      | Reached XP level 2. HP: 29/29 MP: 1/1
   418 | D:1      | Found a faded altar of an unknown god.
   706 | D:2      | Reached skill level 4 in Unarmed Combat
   897 | D:2      | Reached XP level 3. HP: 34/36 MP: 2/2
  1071 | D:5      | Entered Level 5 of the Dungeon
  1078 | D:5      | Reached skill level 5 in Unarmed Combat
  1078 | D:5      | Reached XP level 4. HP: 5/44 MP: 3/3
  1149 | D:5      | Reached XP level 5. HP: 50/50 MP: 4/4
  1153 | D:5      | Noticed an ogre
  1176 | D:5      | Slain by an iguana

Illustrated notes

Levels and vault maps discovered:
D:1:      minmay_arrival_widening_spiral_wide, layout_loops_ring,
          hellmonk_ecumenical_altar_crossroads
D:2:      layout_basic, serial_co_window_serial, co_window_paths_a,
          co_window_paths_b, co_window_of_opportunity_a, co_window_corner_a,
          co_window_paths_a, co_window_cross_3, co_window_corner_b,
          co_window_2corner, co_window_broadway_b, co_window_unsneaky_path_b,
          co_window_corner_b, glass_columns_b, minmay_misc_feat_nine_boxes,
          minivault_23
D:3:      layout_rooms
D:4:      layout_loops_ring
D:5:      layout_cave_pods, gammafunk_temple_overflow_statue, st_stairs_5

Skill      XL: |  1  2  3 |
---------------+----------+-----
Unarmed Combat | 4 5 |  5.8
Fighting       | |  2.4
Dodging        | |  2.4
Stealth        | |  1.0

Action                   |  1- 3 |  4- 6 || total
-------------------------+-------+-------++-------
Melee: Unarmed           |    49 |    12 ||    61
       Punch             |     1 |       ||     1
Throw: Dart              |     3 |       ||     3
  Use: Scroll            |     4 |       ||     4
 Stab: Sleeping          |     1 |       ||     1
Armor: Robe              |    10 |       ||    10
Dodge: Dodged            |    20 |     8 ||    28

Table legend: (Time is in decaauts)
 A = Elapsed time spent in this place.
 B = Non-inter-level travel time spent in this place.
 C = Inter-level travel time spent in this place.
 D = Time resting spent in this place.
 E = Time spent auto-exploring this place.
 F = Levels seen in this place.
 G = Mean time per level.
                   A        B        C        D        E       F      G
               +--------+--------+--------+--------+--------+-----+--------+
         Total |   1170 |   1165 |      5 |      0 |    944 |   5 |  234.0 |
       Dungeon |   1170 |   1165 |      5 |      0 |    944 |   5 |  234.0 |
               +--------+--------+--------+--------+--------+-----+--------+

Top non-repeatable levels by time:
     D:1: 686 daAuts
     D:2: 300 daAuts
     D:5: 103 daAuts
     D:3: 61 daAuts
     D:4: 18 daAuts
